 Dungeon Crawl Stone Soup version 0.27-a0-1196-g3e9cee4cb2 (webtiles) character file.

Game seed: 10933181008248207818

56 2tc the Slasher (level 4, -5/33 HPs)
             Began as a Djinni Gladiator on May 27, 2021.
             Slain by Sigmund
             ... wielding a +0 scythe
              (9 damage)
             ... on level 2 of the Dungeon.
             The game lasted 00:03:59 (1609 turns).

2tc the Slasher (Djinni Gladiator)                  Turns: 1609, Time: 00:04:00

Health: -5/33      AC:  5    Str: 13    XL:     4   Next: 17%
Gold:   89         EV: 12    Int: 10    God:
                   SH:  0    Dex: 15

rFire    + + .     SeeInvis .   a - +0 long sword
rCold    x . .     Faith    .   (no shield)
rNeg     . . .     Spirit   .   b - +0 leather armour
rPois    ∞         Reflect  .   c - +0 helmet
rElec    .         Harm     .   (no cloak)
rCorr    .         Rampage  .   e - +0 pair of gloves
Will     .....                  (boots unavailable)
Stlth    +.........             (no amulet)
HPRegen  0.11/turn              (no ring)
MPRegen  0.00/turn              (no ring)

@: confused, mighty, flying
A: sickness immunity, fire resistance 2, cold vulnerability 1, float, innate
caster, hp casting, extra vitality 1
a: no special abilities


You were on level 2 of the Dungeon.
You visited 1 branch of the dungeon, and saw 2 of its levels.

You collected 89 gold pieces.

Inventory:

Hand Weapons
 a - a +0 long sword (weapon)
Missiles
 d - 3 throwing nets (quivered)
Armour
 b - a +0 leather armour (worn)
 c - a +0 helmet (worn)
 e - a +0 pair of gloves (worn)
Scrolls
 f - a scroll of identify


   Skills:
 - Level 2.0 Fighting
 * Level 3.8 Long Blades
 - Level 1.5 Throwing
 - Level 3.2 Dodging
 + Level 1.2 Spellcasting


You had 4 spell levels left.
You knew the following spells:

 Your Spells              Type           Power      Damage    Failure   Level
a - Summon Small Mammal   Summ           12%        N/A       26%         1
Your spell library was empty.

Dungeon Overview and Level Annotations

Branches:
Dungeon (2/15)

Altars:

Annotations:
D:2 Sigmund


Innate Abilities, Weirdness & Mutations

You are immune to sickness and miasma.
You are immune to poison.
Your flesh is very heat resistant. (rF++)
You are vulnerable to cold. (rC-)
You float through the air rather than walking.
You learn spells naturally, not from books.
Your magical power is your life essence.
You have superior vitality. (+4 HP)


Message History

Gang up on whom?
Press: ? - help, Dir - move target There's nothing there!
A puff of flame appears from out of thin air!
The puff of flame misses you.
Casting: Summon Small Mammal (safe; 26% risk of failure)
Confirm with . or Enter, or press ? or * to list all spells.
Your bat hits something but does no damage.
Your bat barely misses something.
Something completely misses your rat. Something closely misses your bat.
Okay, then.
You aren't carrying any potions.
You reach down and open the door.
There is an open door here.
There's a creature in the doorway!
Your bat closely misses something.
Your bat misses something.
A puff of flame appears from out of thin air!
The puff of flame hits you. You resist.
Your bat closely misses something. x2
A puff of flame appears from out of thin air!
The puff of flame hits you. You resist.
Your bat hits something but does no damage.
You hear some strange, mumbled words.
You are confused.
You bump into the rock wall.
Your bat misses something. Something hits you.
Your bat barely misses something.
You hear some strange, mumbled words.
You are more confused.
You completely miss something. Your bat misses something.
Your bat hits something but does no damage.
Something hits you!
You bump into the rock wall.
Your bat hits something but does no damage.
Something hits you!
* * * LOW HITPOINT WARNING * * *
You barely miss something.
Your bat barely misses something.
Something hits you but does no damage.
You closely miss something. Your bat hits something. Something hits you!
You die...

######.........)....###
#...##..............#
#...##.....{....###########
#######...######.#########.......
......#...# #.#...............
......#...## #b#...............
......#....# #.................
......#....#######.b.............
........†.......@{...............
...........#######........#.#####
...........#..............#.#####
#.......#.......##........#.#....
.....####.##.##.##........#.#.###
.....####.##.#..#.........#.#.#.#
..........##.#.<#.#.#.#####.#.#..
.....#######.#..#...#.#.....#.#.#
.....# #.#..#...#.#.###.#.#.#


You could see a friendly bat (summoned).

Vanquished Creatures
  Natasha (D:2)
  A worm (D:2)
  A dart slug (D:1)
  3 ball pythons
  5 bats
  An endoplasm (D:1)
  A giant cockroach (D:1)
  2 goblins (D:1)
  3 hobgoblins
  2 kobolds
  2 frilled lizards (D:1)
  3 rats
25 creatures vanquished.

Notes
Turn   | Place    | Note
-------+----------+-------------------------------------------
     0 | D:1      | 2tc the Djinni Gladiator began the quest for the Orb.
     0 | D:1      | Reached XP level 1. HP: 18/18 MP: 0/0
    25 | D:1      | Found a faded altar of an unknown god.
   108 | D:1      | Reached XP level 2. HP: 23/23 MP: 0/0
   712 | D:1      | Reached XP level 3. HP: 28/28 MP: 0/0
   712 | D:1      | Learned a level 1 spell: Summon Small Mammal
  1064 | D:2      | Noticed Sigmund
  1195 | D:2      | Noticed Natasha
  1211 | D:2      | Killed Natasha
  1212 | D:2      | Reached skill level 1 in Spellcasting
  1212 | D:2      | Reached XP level 4. HP: 11/33 MP: 0/0
  1609 | D:2      | Slain by Sigmund

Illustrated notes

Levels and vault maps discovered:
D:1:      dpeg_arrival_rooms_c, layout_basic, hellmonk_ecumenical_altar_blasted,
          kennysheep_doodads, serial_bayou_pond_d
D:2:      layout_basic, uniq_natasha, uniq_sigmund

Skill      XL: |  1  2  3 |
---------------+----------+-----
Long Blades    | 3 |  3.8
Spellcasting   | 1 |  1.2
Fighting       | |  2.0
Throwing       | |  1.5
Dodging        | |  3.2

Action                   |  1- 3 |  4- 6 || total
-------------------------+-------+-------++-------
Melee: Long sword        |    54 |    18 ||    72
 Cast: Summon Small Mamm |     2 |     2 ||     4
  Use: Scroll            |     4 |       ||     4
       Potion            |       |     1 ||     1
Armor: Leather armour    |    17 |     7 ||    24
Dodge: Dodged            |    33 |    15 ||    48
       Rpst.: Long sword |     9 |     3 ||    12

Table legend: (Time is in decaauts)
 A = Elapsed time spent in this place.
 B = Non-inter-level travel time spent in this place.
 C = Inter-level travel time spent in this place.
 D = Time resting spent in this place.
 E = Time spent auto-exploring this place.
 F = Levels seen in this place.
 G = Mean time per level.
                   A        B        C        D        E       F      G
               +--------+--------+--------+--------+--------+-----+--------+
         Total |   1631 |   1556 |     75 |    388 |    880 |   2 |  815.5 |
       Dungeon |   1631 |   1556 |     75 |    388 |    880 |   2 |  815.5 |
               +--------+--------+--------+--------+--------+-----+--------+

Top non-repeatable levels by time:
     D:1: 1048 daAuts
     D:2: 582 daAuts
